[Event "MČR v rapid šachu družstev 2019"]
[Site "Teplice, Czech Republic"]
[Date "2019.09.15"]
[Round "3.24"]
[White "Benes, Petr"]
[Black "Havranek, Tomas"]
[Result "1-0"]
[TimeControl "15 min. + 5s"]
[WhiteElo "2147"]
[BlackElo "2023"]

1. Nf3 Nf6 2. g3 g6 3. b3 Bg7 4. Bb2 O-O 5. Bg2 c5 6. O-O Nc6 7. c4 d5 8. cxd5 Nxd5 9. Bxg7 Kxg7 10.
Qc2 b6 11. Qb2+ Kg8 12. d4 cxd4 13. Nxd4 Nxd4 14. Qxd4 Bb7 15. Rd1 e6 16. Qe5 Qb8 17. Qb2 Rd8 18. Na3 Qc7 19. Rac1 Qe7 20.
Nc4 Rac8 21. h4 h5 22. Bf3 Nb4 23. Bxb7 Qxb7 24. Rxd8+ Rxd8 25. Qf6 Rc8 26. Rd1 Nd5 27. Qe5 Qc7 28. Qg5 Nc3 29. Re1 Nxa2 30.
e4 Nc3 31. Re3 Na2 32. Rd3 Nb4 33. Rd2 Nc6 34. e5 a5 35. f4 Nb4 36. Kh2 Nd5 37. f5 exf5 38. Rxd5 1-0

[Event "MČR v rapid šachu družstev 2019"]
[Site "Teplice, Czech Republic"]
[Date "2019.09.15"]
[Round "3.25"]
[White "Sprenar, Petr"]
[Black "Docekal, Jan"]
[Result "1-0"]
[TimeControl "15 min. + 5s"]
[WhiteElo "2089"]
[BlackElo "2302"]

1. Nf3 c5 2. c4 Nc6 3. g3 g6 4. Bg2 Bg7 5. O-O Nf6
6. Nc3 O-O 7. d4 cxd4 8. Nxd4 d6 9. b3 Nxd4 10. Qxd4 Ne4 11. Qxe4 Bxc3 12. Bh6 Bxa1 13. Rxa1 f6 14. Bxf8 Kxf8 15. Rd1 Qc7 16. h4 Kg7 17.
h5 Rb8 18. hxg6 hxg6 19. a4 b6 20. Qe3 Bb7 21. Rd4 Rh8 22. Bf3 Bxf3 23. Qxf3 Rh5 24. Rd5 Rxd5 25. Qxd5 Qd7 26. a5 e6 27.
Qd2 Qc6 28. Qe3 e5 29. a6 Qc5 30. Qe4 Qa5 31. Qb7+ Kh6 32. Qxa7 Qe1+ 33. Kg2 Qxe2 34. Qa8 Kg5 35. a7 Kg4 36. Qd5 e4 37. a8=Q f5 38. Qh8 1-0

[Event "MČR v rapid šachu družstev 2019"]
[Site "Teplice, Czech Republic"]
[Date "2019.09.15"]
[Round "3.26"]
[White "Serrano, Salvador Eduardo"]
[Black "Lorenc, Tomas"]
[Result "0-1"]
[TimeControl "15 min. + 5s"]
[WhiteElo "2350"]
[BlackElo "2118"]

1. d4 Nf6 2. Nf3 g6 3. c4 c5 4. d5 b5 5. cxb5 a6 6. b6 d6 7. a4 a5 8. Nc3 Bg7 9. e4 Nbd7 10.
Bb5 O-O 11. O-O Qxb6 12. h3 Ba6 13. Nd2 Ne5 14. f4 Bxb5 15. axb5 c4+ 16. Kh2 Nd3 17. Nxc4 Qd4 18. Nd2 Nxc1 19.
Qxc1 Nh5 20. Nf3 Qc4 21. Ra4 Qc5 22. g4 Bxc3 23. gxh5 Qxb5 24. Ra2 Qe2+ 25. Kg3 Rac8 26. Qd1 Qxd1 27.
Rxd1 Bb4 28. Nd4 Rc4 29. Kf3 f5 30. exf5 Bc5 31. Ne6 Rxf5 32. hxg6 hxg6 33. Rxa5 Rb4 34. Ra8+ Kh7 35. Rd2 Rb3+ 36.
Kg4 Be3 37. Rc2 Rxd5 38. Rcc8 Bd4 0-1

[Event "MČR v rapid šachu družstev 2019"]
[Site "Teplice, Czech Republic"]
[Date "2019.09.15"]
[Round "3.27"]
[White "Spicka, Jan"]
[Black "Filipi, Stepan"]
[Result "0-1"]
[TimeControl "15 min. + 5s"]
[WhiteElo "1837"]
[BlackElo "2210"]

1. e4 c5 2. Nf3 e6 3. d4 cxd4 4. Nxd4 a6 5. Nc3 Qc7 6. Be3 Bb4 7. Bd2 Nf6 8. Bd3 Nc6 9. Nxc6 dxc6 10.
Qe2 e5 11. h3 Be6 12. O-O Be7 13. Be3 b5 14. a4 O-O 15. axb5 axb5 16. Rfc1 h6 17. f3 Nh5 18. Nd1 Rfd8 19.
Kh2 Bh4 20. g4 Bg3+ 21. Kg2 Nf4+ 22. Bxf4 Bxf4 23. Rcb1 c5 24. Rxa8 Rxa8 25. Bxb5 Rd8 26. Ne3 c4 27. Rd1 Rxd1 28. Nxd1 Qc5 29. Ba4 Qb4 30. Bc6 Qb6 31. Bd5 Bxd5 32.
exd5 Qd4 33. Nc3 Bc1 34. Qd1 Bxb2 35.
d6 Bxc3 36. Qxd4 Bb2 0-1

[Event "MČR v rapid šachu družstev 2019"]
[Site "Teplice, Czech Republic"]
[Date "2019.09.15"]
[Round "3.28"]
[White "Lacina, Filip"]
[Black "Lorencova, Vera"]
[Result "1/2-1/2"]
[TimeControl "15 min. + 5s"]
[WhiteElo "2027"]
[BlackElo "1873"]

1. e4 d5 2. exd5 Nf6 3. d4 Nxd5 4. Nf3 g6 5. c4 Nb6 6.
h3 Bg7 7. Nc3 O-O 8. Be3 Nc6 9. Be2 Bf5 10. g4 Bc8 11. Qd2 e5 12. d5 Na5 13. b3 e4 14. Nd4 c6 15. dxc6 Nxc6 16.
Rd1 Qe7 17. O-O h5 18. Bg5 Qe5 19. Ncb5 Nxd4 20. Nxd4 hxg4 21. hxg4 Nd7 22. Qf4 Qxf4 23. Bxf4 Nf6 24. g5 Ng4 25.
Nb5 Bf5 26. Nd6 Ne5 27. Nxf5 gxf5 28. Bxe5 Bxe5 29. Rd7 Rab8 30. Rfd1 Rfe8 31. Bh5 Rf8 32. g6 fxg6 33. Bxg6 Rf6 34. Bh5 f4 35. R1d5 Rf5 36.
Be2 Rg5+ 37. Kf1 Bf6 38. c5 f3 39. Bc4 Kh8 40. Rxg5 Bxg5 41. Rd5 Bf4 42. Rd7 Rf8 43. b4 Rf6 44. Rd8+ Kg7 45. Rg8+ Kh7 46. Re8 Rh6 47. Re7+ Kh8 48.
Re8+ Kh7 49. Re7+ Kh8 50. Re8+ 1/2-1/2

[Event "MČR v rapid šachu družstev 2019"]
[Site "Teplice, Czech Republic"]
[Date "2019.09.15"]
[Round "4.1"]
[White "Stocek, Jiri"]
[Black "Vykouk, Jan"]
[Result "1-0"]
[TimeControl "15 min. + 5s"]
[WhiteElo "2507"]
[BlackElo "2428"]

1. Nf3 Nf6 2. g3 b6 3. Bg2 Bb7 4. O-O g6 5. d3 d5 6. c4 Bg7 7. cxd5 Nxd5 8. e4 Nf6 9. e5 Nd5 10.
e6 f6 11. d4 O-O 12. Re1 c5 13. dxc5 Nb4 14. Na3 Nd3 15. Re3 Nxc5 16. Qc2 Nc6 17. Bd2 Rc8 18. Bc3 Bh6 19. Rd1 Qc7 20.
Nb5 Qb8 21. Ree1 a6 22. Nbd4 b5 23. Nxc6 Bxc6 24. Bb4 Nb7 25. Qb3 Rfe8 26. Rd7 Bf8 27. Nd4 Bxg2 28. Kxg2 a5 29. Qd5 axb4 30. Qxb7 Qxb7+ 31. Rxb7 Rc4 32.
Nxb5 Rc2 33. Nd4 Rxb2 34. Re2 Rxe2 35. Nxe2 Ra8 36. Rxb4 Rxa2 37. Nd4 Ra6 38. g4 Rd6 39. Kf3 f5 40.
gxf5 gxf5 41. Kf4 Bh6+ 42. Kxf5 Rd5+ 43. Ke4 Rh5 44. Nf5 Rxh2 45. Rb8+ Bf8 46.
Nxe7+ Kg7 47. Nf5+ Kf6 48. Rxf8+ Kxe6 49.
f4 h5 50. Rh8 Kf6 51. Rh6+ Kf7 52. Kf3 Rh3+ 53. Kg2 Ra3 54. Rxh5 Kg6 55. Rg5+ Kf6 56. Ng3 Rb3 57. Kh3 1-0

[Event "MČR v rapid šachu družstev 2019"]
[Site "Teplice, Czech Republic"]
[Date "2019.09.15"]
[Round "4.2"]
[White "Studnicka, Tomas"]
[Black "Kociscak, Jiri"]
[Result "0-1"]
[TimeControl "15 min. + 5s"]
[WhiteElo "2379"]
[BlackElo "2410"]

1. d4 d5 2. Bf4 e6 3. e3 c5 4.
c3 Nc6 5. Nd2 Bd6 6. Bg3 Nf6 7. Ngf3 Bxg3 8. hxg3 Qd6 9. Bb5 Bd7 10. O-O O-O 11. Bxc6 Bxc6 12. Ne5 Nd7 13. Ndf3 f6 14. Nxd7 Bxd7 15.
Qd2 Rad8 16. b4 b6 17. Rab1 Bc6 18. Rfd1 cxb4 19. cxb4 Bb5 20. Rdc1 Bc4 21. a3 Rc8 22. Qd1 e5 23. Rb2 Rc7 24. Ra1 e4 25.
Nd2 Bd3 26. Nb3 Rfc8 27. Nc1 Bc2 28. Qg4 Ba4 29. Ne2 Bd7 30. Qh5 Be8 31. Qg4 h5 32. Qh3 g5 33. Rbb1 Kg7 34. Rc1 Bd7 35.
Qh1 Bg4 36. f3 Rxc1+ 37. Rxc1 exf3 38. gxf3 Rxc1+ 39. Nxc1 Qxg3+ 40. Kf1 Bxf3 41. Qg1 Qxg1+ 42. Kxg1 h4 43. Nb3 Be4 44. Nd2 f5 45. a4 g4 46. Kh2 Kf6 47.
a5 bxa5 48. bxa5 a6 49. Nb3 Kg5 50.
Nc5 g3+ 51. Kh3 g2 52. Kh2 Kg4 0-1

[Event "MČR v rapid šachu družstev 2019"]
[Site "Teplice, Czech Republic"]
[Date "2019.09.15"]
[Round "4.3"]
[White "Polak, Tomas"]
[Black "Sodoma, Jan"]
[Result "1-0"]
[TimeControl "15 min. + 5s"]
[WhiteElo "2515"]
[BlackElo "2358"]

1. d4 Nf6 2. c4 e6 3. Nf3 b6 4. g3 Bb7 5. Bg2 Be7 6. O-O O-O 7. Nc3 Na6 8. Bf4 Ne4 9. Qc2 Nxc3 10. bxc3 f5 11. d5 Nc5 12.
Nd4 g5 13. Bd2 Bf6 14. Rad1 Qe8 15. Nb5 Qc8 16. Rfe1 a6 17. Nd4 Qe8 18. Nb3 Ne4 19. Bxe4 fxe4 20. Be3 exd5 21. cxd5 Qg6 22.
c4 d6 23. Nd4 Bc8 24. f3 Bd7 25. Rf1 Rae8 26. f4 gxf4 27. Rxf4 Be5 28. Rf2 Rxf2 29. Bxf2 Rf8 30. Qd2 h5 31.
Ne6 Rf5 32. Qe3 h4 33. Kh1 hxg3 34. Bxg3 Bxg3 35. Rg1 Kf7 36. Rxg3 Rf1+ 37. Kg2 Qf5 38. Ng5+ Ke8 39. Nxe4 Kd8 40. Nf2 Rxf2+ 41. Qxf2 Qe4+ 42.
Qf3 1-0

[Event "MČR v rapid šachu družstev 2019"]
[Site "Teplice, Czech Republic"]
[Date "2019.09.15"]
[Round "4.4"]
[White "Cech, Pavel"]
[Black "Vymazal, Bronislav"]
[Result "1-0"]
[TimeControl "15 min. + 5s"]
[WhiteElo "2394"]
[BlackElo "2347"]

1. d4 g6 2. e4 Bg7 3. Nc3 c5 4. dxc5 Qa5 5. Bd2 Qxc5 6. Nd5 Na6 7. Be3 Qa5+ 8. c3 e6 9. Bd4 f6 10.
Ne3 Qc7 11. Nf3 Ne7 12. Bxa6 bxa6 13. c4 Bb7 14. Qc2 O-O 15. O-O Rac8 16. Nd2 d5 17. exd5 Nxd5 18. Nxd5 Bxd5 19. b3 e5 20.
Bc3 Bc6 21. Rad1 Qb7 22. f3 f5 23. Qb2 Rfe8 24. Rfe1 Qc7 25. Nf1 Re7 26. Ne3 Rce8 27. Nd5 Bxd5 28. Rxd5 e4 29. Bxg7 Rxg7 30.
fxe4 fxe4 31. Qd4 Rge7 32. Qe3 Qc6 33. Rf1 Qe6 34. h3 Rd7 35. Rxd7 Qxd7 36. Rf4 Qd1+ 37. Kh2 Qd6 38. Kg1 Qd1+ 39. Rf1 Qd6 40. Qxa7 Qe6 41.
Qd4 e3 42. Qd5 Qxd5 43. cxd5 Re5 44. Rd1 Kf8 45. d6 Ke8 46. g4 Kd7 47. Kg2 Rc5 48. Kf3 Rc2 49. Kxe3 Rxa2 50. Kf4 Ra3 51. Rd3 a5 52. Ke4 Ra1 53. Kd5 Rc1 54. Rf3 Rd1+ 55. Kc5 Rc1+ 56. Kb5 Kxd6 57. Kxa5 Ra1+ 58. Kb5 Rh1 59. b4 g5 60. Kb6 Rb1 61.
b5 Rb2 62. Rf6 Kd7 63. Rf7+ Kd6 64. Rxh7 Rb3 65. Rh6 Kd7 66.
Kc5 Rc3+ 67. Kd5 Rb3 68. b6 Rb5+ 69. Ke4 Kc8 70. Rd6 Rb3 71. Kf5 Rxh3 72. Kxg5 1-0

[Event "MČR v rapid šachu družstev 2019"]
[Site "Teplice, Czech Republic"]
[Date "2019.09.15"]
[Round "4.5"]
[White "Bernasek, Jan"]
[Black "Jirovsky, Milos"]
[Result "1-0"]
[TimeControl "15 min. + 5s"]
[WhiteElo "2496"]
[BlackElo "2477"]

1. Nf3 d5 2. e3 Nf6 3. c4 e6 4. b3 c5 5. Bb2 Nc6 6. cxd5 exd5 7. Be2 Bd6 8. O-O O-O 9. d3 Re8 10. Nbd2 Bg4 11. Rc1 Rc8 12.
Re1 Qe7 13. Qc2 Ne5 14. h3 Nxf3+ 15. Nxf3 Bh5 16. Qb1 Nd7 17. Qa1 f6 18. d4 Bf7 19. Ba3 c4 20. Bxd6 Qxd6 21. bxc4 dxc4 22.
Qb1 Rc7 23. Nd2 Nb6 24. Ne4 Qa3 25. Nc5 c3 26. Bf3 Na4 27. Nxb7 Rb8 28. Qf5 Qxa2 29. Ra1 Qb3 30. Qa5 Rbxb7 31. Bxb7 Qxb7 32. Qxa4 h5 33. e4 1-0

[Event "MČR v rapid šachu družstev 2019"]
[Site "Teplice, Czech Republic"]
[Date "2019.09.15"]
[Round "4.6"]
[White "Sokolov, Alexander"]
[Black "Cernousek, Lukas"]
[Result "0-1"]
[TimeControl "15 min. + 5s"]
[WhiteElo "2384"]
[BlackElo "2478"]

1. e4 e6 2. d4 d5 3.
Nd2 c5 4. Ngf3 a6 5. exd5 exd5 6. Be2 c4 7. O-O Bd6 8. Re1 Ne7 9. b3 b5 10. a4 Bb7 11. Nf1 Nbc6 12. Ng3 O-O 13. Nh4 g6 14. Bh6 Re8 15. Bg5 Qb6 16. c3 cxb3 17. Qxb3 Na5 18.
Qb1 b4 19. cxb4 Bxb4 20. Rd1 Nec6 21. Nf3 Nc4 22. Qc1 Rac8 23. Qf4 Bd6 24. Qg4 Bxg3 25. Bxc4 Bxf2+ 26. Kxf2 dxc4 27. Rab1 Nb4 28.
a5 Qxa5 29. Ne5 c3 30. Ra1 Qd5 31. Nd7 Re6 32. Nf6+ Rxf6+ 33. Bxf6 c2 34. Rf1 c1=Q 35. Rfxc1 Nd3+ 36. Kg1 Rxc1+ 37. Rxc1 Nxc1 38. h4 Nd3 39. Qg3 Qxg2+ 40. Qxg2 Bxg2 41. Kxg2 Nf4+ 42. Kf3 Nd5 43. Bd8 f5 44. Ba5 Kf7 45. Bd2 Ke6 46. Ke2 Kd6 47. Kd3 Kc6 48. Kc4 f4 0-1

[Event "MČR v rapid šachu družstev 2019"]
[Site "Teplice, Czech Republic"]
[Date "2019.09.15"]
[Round "4.7"]
[White "Vrbata, Zbynek"]
[Black "Dolezal, Radoslav"]
[Result "1/2-1/2"]
[TimeControl "15 min. + 5s"]
[WhiteElo "2376"]
[BlackElo "2363"]

1. d4 d5 2. c4 c6 3. Nf3 Nf6 4. e3 e6 5. b3 Nbd7 6. Nbd2 Be7 7. Bb2 O-O 8. Be2 c5 9. cxd5 Nxd5 10.
O-O cxd4 11. Nxd4 Nc5 12. Nc4 Bd7 13. Rc1 1/2-1/2

[Event "MČR v rapid šachu družstev 2019"]
[Site "Teplice, Czech Republic"]
[Date "2019.09.15"]
[Round "4.8"]
[White "Postupa, Pavel"]
[Black "Kuba, Jindrich"]
[Result "1/2-1/2"]
[TimeControl "15 min. + 5s"]
[WhiteElo "2203"]
[BlackElo "2229"]

1. e4 c5 2. Nf3 e6 3. g3 Nc6 4. Bg2 d6 5. O-O e5 6. Nc3 Nf6 7.
d3 Be7 8. h3 O-O 9. Nh2 Nd4 10. f4 b5 11. Be3 b4 12. Bxd4 cxd4 13. Ne2 Bb7 14. Nf3 Qc7 15. g4 exf4 16. Nxf4 d5 17. e5 Nd7 18.
Re1 Qb6 19. e6 fxe6 20. Rxe6 Bd6 21. Ne2 Rae8 22. Rxe8 Rxe8 23. Nexd4 Bc5 24. c3 Ne5 25. Kh1 Nxf3 26. Nxf3 d4 27. Qb3+ Kh8 28. cxb4 Bxb4 29.
a3 Bc5 30. Qxb6 Bxb6 31. Re1 Rxe1+ 32. Nxe1 Ba6 33. Be4 g6 34. Nc2 Bb5 35. Kg2 Kg7 36. Nb4 Bd7 37. Kf3 h5 38. Nd5 Bd8 39.
Nf4 hxg4+ 40. hxg4 g5 41. Nd5 Be6 42. Nb4 Bd7 43. Bf5 Be8 44. Ke4 Bb6 45. Kd5 Kf6 46. Kc4 Bf7+ 47. Kb5 Ke5 48.
Nc6 Kd6 49. Nb4 Be8+ 50. Ka6 Kc5 51. Kb7 Kd6 52. Kc8 Ba4 53. Kb7 Bc5 54. Ka6 Bb6 55. Kb7 Bc5 56. Na6 Bc6+ 57. Kb8 Bb6 58.
Nb4 Ba4 59. Kc8 Bc5 60. Na6 Bb6 61. Nb8 Bb5 62. b3 Be8 63. a4 Kc5 64. Be6 Kb4 65. Kb7 Kc3 66. Bc4 Bg6 67. Nc6 Bxd3 68.
Bxd3 Kxd3 69. a5 Bc5 70. Nxa7 Bxa7 71. Kxa7 Kc2 72. Kb6 d3 73. a6 d2 74. a7 d1=Q 75.
a8=Q Qd4+ 76. Kc7 Qe5+ 77. Kd7 Kxb3 78. Qf3+ Kc4 79. Qf1+ Kd4 80. Qd1+ Ke4 81. Qh1+ Kf4 82. Qh2+ Ke4 83. Qg2+ Kf4 84. Qh2+ 1/2-1/2

[Event "MČR v rapid šachu družstev 2019"]
[Site "Teplice, Czech Republic"]
[Date "2019.09.15"]
[Round "4.9"]
[White "Vojta, Tomas"]
[Black "Soural, Jan"]
[Result "1-0"]
[TimeControl "15 min. + 5s"]
[WhiteElo "2402"]
[BlackElo "2121"]

1. e4 c5 2. f4 d5 3. exd5 Nf6 4. Nf3 Nxd5 5. Nc3 Nxc3 6. bxc3 Nc6 7. Ne5 Qd5 8. Bc4 Qe4+ 9. Qe2 Qxe2+ 10. Kxe2 Nxe5 11. fxe5 Bg4+ 12. Ke1 e6 13. Bb5+ Kd8 14. d4 Bf5 15. Rf1 Be7 16. Be3 Rc8 17. Rd1 Kc7 18. d5 Kb6 19.
Rb1 Ka5 20. d6 Bh4+ 21. g3 Bd8 22. Bd7 Rb8 23. Bxc5 Bb6 24. Bxb6+ axb6 25. Rb3 b5 26. Rxb5+ Ka6 27. Rb3 b5 28.
Kd2 Rhd8 29. Bc6 f6 30.
Rfb1 fxe5 31. Bxb5+ Ka7 32. Ra3+ Kb6 33. d7 Kc5 34. Rab3 Rb6 35. a4 Be4 36. Rb4 1-0

[Event "MČR v rapid šachu družstev 2019"]
[Site "Teplice, Czech Republic"]
[Date "2019.09.15"]
[Round "4.10"]
[White "Vokoun, Jan"]
[Black "Zeman, Matyas"]
[Result "0-1"]
[TimeControl "15 min. + 5s"]
[WhiteElo "2119"]
[BlackElo "2247"]

1. d4 e6 2. c4 f5 3. g3 Nf6 4. Bg2 Be7 5. Nf3 O-O 6. d5 Bb4+ 7. Bd2 Bxd2+ 8. Qxd2 Ne4 9. Qd4 d6 10.
dxe6 Bxe6 11. b3 Nc6 12. Qb2 Qe7 13. O-O Rae8 14. e3 Bc8 15. Na3 Ne5 16. Rad1 Kh8 17. Nxe5 dxe5 18. Nb5 a6 19.
Nc3 Nf6 20. Nd5 Nxd5 21. cxd5 f4 22. exf4 exf4 23. Qd2 f3 24.
Rfe1 Qf7 25. Bf1 Rxe1 26. Rxe1 Rd8 27.
Qe3 Qxd5 28. Bc4 Qd6 29.
Qxf3 Rf8 30. Qe3 b5 31. Bf1 Bd7 32. Qe7 Qxe7 33. Rxe7 Rd8 34. Bg2 c5 35. f4 c4 36. bxc4 bxc4 37. Re3 Bb5 38. Rc3 Rd1+ 39.
Kf2 Rd2+ 40. Kf1 Rxa2 41. g4 g6 42. h4 Kg7 43. Bd5 Rh2 44. Bxc4 Rxh4 45. Bxb5 axb5 46. Rg3 Rh1+ 47. Kg2 Rb1 48. Rc3 h5 49. gxh5 gxh5 50. Rc6 b4 51. Rb6 b3 52. Kh2 Kf7 53.
Kg2 Ke7 54. Kh2 Kd7 55. f5 Kc7 56.
Rb4 Kd6 57. f6 Ke6 58. Rf4 Kf7 59. Rf3 h4 60. Rf4 h3 61. Rb4 Ke6 62. Rf4 Kf7 63. Rf3 b2 64. Rb3 Kxf6 65. Rb8 0-1

[Event "MČR v rapid šachu družstev 2019"]
[Site "Teplice, Czech Republic"]
[Date "2019.09.15"]
[Round "4.11"]
[White "Skacelik, Petr"]
[Black "Postupa, Martin"]
[Result "0-1"]
[TimeControl "15 min. + 5s"]
[WhiteElo "2096"]
[BlackElo "1950"]

1. d4 d5 2. c4 e6 3.
Nc3 Nf6 4. Bg5 Bb4 5. e3 c6 6. Qc2 h6 7.
Bh4 Nbd7 8. Bd3 Qa5 9. Nge2 Bd6 10.
O-O O-O 11. a3 dxc4 12. Bxc4 Qh5 13. Bg3 Bxg3 14. Nxg3 Qa5 15. b4 Qd8 16. f4 Nb6 17. Bb3 Nbd5 18. Nxd5 exd5 19. Qd3 Re8 20.
Bc2 a5 21. Rae1 axb4 22. axb4 Qb6 23. Rb1 Qa7 24. h3 Qa3 25. Rb3 Qa6 26. Qc3 Qb5 27. Bd3 Qb6 28. Re1 Ra2 29. b5 Qa5 30.
Qxa5 Rxa5 31. bxc6 bxc6 32. Rc3 Bd7 33. Bf5 Bxf5 34. Nxf5 Re6 35. Rec1 Ra6 36. Ng3 g6 37. R1c2 Kg7 38. f5 Rd6 39. fxg6 fxg6 40. Rb3 h5 41. Ne2 Ne4 42. Nc3 Ng3 43.
Ne2 Ra1+ 44. Nc1 Rf6 45. h4 Rf1+ 46. Kh2 Ne4 0-1

[Event "MČR v rapid šachu družstev 2019"]
[Site "Teplice, Czech Republic"]
[Date "2019.09.15"]
[Round "4.12"]
[White "Krouzel, Jaroslav"]
[Black "Vavra, Michal"]
[Result "1/2-1/2"]
[TimeControl "15 min. + 5s"]
[WhiteElo "2068"]
[BlackElo "2028"]

1. d4 d5 2. Nf3 Nf6 3. Bf4 g6 4. e3 Bg7 5. c4 c6 6. Nc3 O-O 7. Bd3 Nbd7 8. h3 dxc4 9. Bxc4 Nb6 10.
Bd3 Nbd5 11. Bh2 Qa5 12. Qd2 h6 13. O-O Be6 14. e4 Nxc3 15. bxc3 Rfd8 16. Qc2 Qh5 17. Ne5 g5 18. Be2 g4 19.
f4 Qh4 20. f5 g3 21. fxe6 gxh2+ 22. Kxh2 fxe6 23. Bd3 Rf8 24. Ng6 Ng4+ 25. Kh1 Rxf1+ 26. Rxf1 Qh5 27. Nxe7+ Kh7 28. Nf5 1/2-1/2

[Event "MČR v rapid šachu družstev 2019"]
[Site "Teplice, Czech Republic"]
[Date "2019.09.15"]
[Round "4.13"]
[White "Kourousis, Epaminondas"]
[Black "Trepka, Jan"]
[Result "1-0"]
[TimeControl "15 min. + 5s"]
[WhiteElo "2388"]
[BlackElo "2209"]

1. Nf3 Nf6 2. g3 d5 3. Bg2 e6 4. O-O Be7 5. d4 O-O 6. c4 b6 7. cxd5 exd5 8. b3 Bb7 9. Bb2 Nbd7 10.
Nbd2 c5 11. Rc1 Rc8 12. dxc5 bxc5 13. Ne5 Nxe5 14. Bxe5 Qb6 15. Qc2 Rfd8 16. Rfd1 Qe6 17. Bxf6 Bxf6 18. e3 Ba6 19. e4 dxe4 20.
Nxe4 Rxd1+ 21. Rxd1 c4 22. Nxf6+ Qxf6 23. bxc4 Bxc4 24. Bb7 Rc5 25. Bd5 Bxd5 26. Qxc5 Be6 27. Qd4 Qxd4 28. Rxd4 Kf8 29. Ra4 Ke8 1-0

[Event "MČR v rapid šachu družstev 2019"]
[Site "Teplice, Czech Republic"]
[Date "2019.09.15"]
[Round "4.14"]
[White "Ruzicka, Ales"]
[Black "Burdalev, Kirill"]
[Result "0-1"]
[TimeControl "15 min. + 5s"]
[WhiteElo "2119"]
[BlackElo "2336"]

1. e4 Nf6 2. e5 Nd5 3. d4 d6 4. exd6 exd6 5. h3 Be7 6. Nf3 Bf5 7. Bd3 Bg6 8. O-O O-O 9. c4 Nb6 10. Nc3 Bf6 11. Re1 Nc6 12. d5 Na5 13. Ne4 Naxc4 14. Qb3 Ne5 15. Nxf6+ Qxf6 16. Nxe5 dxe5 17. Be3 Bxd3 18. Qxd3 Qd6 19. Red1 Rfd8 20. Bxb6 axb6 21. a3 c6 22.
Rac1 cxd5 23. Rc2 g6 24. Rdc1 Rd7 25. f4 exf4 26. Qd4 Rad8 27. Rf2 Rc7 28. Rcf1 Rc4 29. Qd2 Qc5 30. Kh1 Qe3 0-1

[Event "MČR v rapid šachu družstev 2019"]
[Site "Teplice, Czech Republic"]
[Date "2019.09.15"]
[Round "4.15"]
[White "Pribyl, Josef"]
[Black "Meszaros, Ludek"]
[Result "1-0"]
[TimeControl "15 min. + 5s"]
[WhiteElo "2285"]
[BlackElo "2059"]

1. c4 e5 2. Nc3 Nc6 3. g3 d6 4. Bg2 Be6 5. b3 Qd7 6. Nf3 h6 7. d4 Bh3 8.
Bxh3 Qxh3 9. Nd5 O-O-O 10. Bb2 e4 11. Nd2 Nge7 12. Nf4 Qf5 13. h4 Ng6 14. Nd5 Nge7 15. Ne3 Qh7 16. d5 Ne5 17. Qc2 f5 18. c5 Kb8 19. Rc1 Nc8 20. c6 g6 21. cxb7 Nb6 22. Ndc4 Nbxc4 23. Nxc4 Nxc4 24. Qxc4 Rg8 25. Bd4 Kxb7 26. Qc6+ Kb8 27. Bxa7+ Kc8 28. Bb6 Rg7 29. Bxc7 Rxc7 30. Qa8+ Kd7 31. Rxc7+ 1-0

[Event "MČR v rapid šachu družstev 2019"]
[Site "Teplice, Czech Republic"]
[Date "2019.09.15"]
[Round "4.16"]
[White "Loskot, Petr"]
[Black "Benes, Petr"]
[Result "1/2-1/2"]
[TimeControl "15 min. + 5s"]
[WhiteElo "2065"]
[BlackElo "2147"]

1. e4 Nc6 2. Nf3 d6 3. d4 Nf6 4. Nc3 Bg4 5. Be2 a6 6. O-O e5 7. d5 Nb8 8. Be3 Nbd7 9. Nd2 Bxe2 10.
Qxe2 Be7 11. b4 O-O 12. a4 c6 13. dxc6 bxc6 14. b5 axb5 15. axb5 cxb5 16. Nxb5 Rxa1 17. Rxa1 d5 18. exd5 Nxd5 19.
Ba7 Re8 20. c4 Nb4 21. Rd1 Nc6 22. Be3 Qb8 23. Qf3 Na5 24. Ba7 Qc8 25. Rc1 Nc5 26. Bb6 Nc6 27. Ne4 Nxe4 28. Qxe4 Bf8 29.
Nc7 Qb7 30. Nxe8 Qxb6 31. Qg4 Qd8 32. Qe4 Qb6 33. Qd5 Nb4 34. Qd7 Qd4 35. Qxd4 exd4 36. Nc7 d3 37. Nd5 Nxd5 38. cxd5
d2 39. Rd1 Bb4 1/2-1/2

[Event "MČR v rapid šachu družstev 2019"]
[Site "Teplice, Czech Republic"]
[Date "2019.09.15"]
[Round "4.17"]
[White "Skypala, Ondrej"]
[Black "Krejci, Jan"]
[Result "0-1"]
[TimeControl "15 min. + 5s"]
[WhiteElo "2053"]
[BlackElo "2496"]

1. c4 e6 2. Nc3 d5 3. g3 d4 4. Ne4 f5 5. e3 fxe4 6. Qh5+ g6 7. Qe5 Nf6 8. exd4 Nc6 9. Qb5 Qxd4 10.
Ne2 Qc5 11. Qa4 Ng4 12. Bh3 Nxf2 13. b4 Nd3+ 14. Kd1 Qxb4 15. Qxb4 Bxb4 16. Rf1 e5 17. Bxc8 Rxc8 18. a3 Ba5 19.
Rb1 Rd8 20. Rxb7 Bb6 21. Nc3 Nc5 22. Ke1 0-1

[Event "MČR v rapid šachu družstev 2019"]
[Site "Teplice, Czech Republic"]
[Date "2019.09.15"]
[Round "4.18"]
[White "Sorm, Daniel"]
[Black "Kucera, Tomas"]
[Result "1-0"]
[TimeControl "15 min. + 5s"]
[WhiteElo "2313"]
[BlackElo "1993"]

1. d4 Nf6 2. c4 d6 3. Nc3 g6 4. e4 Bg7 5. f4 O-O 6. Nf3 Na6 7. Bd3 e5 8. fxe5 dxe5 9. d5 Nc5 10. Bc2 Nh5 11. O-O Nf4 12. b4 Na6 13. a3 c5 14. Rb1 Bd7 15. Be3 Rc8 16.
b5 Nb8 17. g3 Nh5 18. Qd2 Bh3 19. Rfe1 f5 20. exf5 gxf5 21. Bh6 e4 22. Bxg7 Nxg7 23. Ng5 Bg4 24. Qf4 Qf6 25. Ncxe4 fxe4 26.
Qxg4 Qf2+ 27. Kh1 Qxc2 28. Ne6 Qc3 29. Nxf8 Rxf8 30. Rxe4 Qd3 31. Rbe1 Rf1+ 32. Kg2 Rxe1 33. Rxe1 Qd4 34. Qxd4 cxd4 35. Re7 Nf5 36. Rxb7 d3 37. Kf2 1-0

[Event "MČR v rapid šachu družstev 2019"]
[Site "Teplice, Czech Republic"]
[Date "2019.09.15"]
[Round "4.19"]
[White "Plasil, Petr"]
[Black "Strasil, Pavel"]
[Result "0-1"]
[TimeControl "15 min. + 5s"]
[WhiteElo "1967"]
[BlackElo "2097"]

1. d4 Nf6 2. c4 e6 3. Nf3 d5 4. Nc3 Be7 5. cxd5 exd5 6. Bg5 c6 7. e3 Bf5 8. Bd3 Bxd3 9. Qxd3 Nbd7 10. O-O O-O 11. a3 a5 12.
Rab1 Re8 13. b4 axb4 14. axb4 Ne4 15. Bxe7 Qxe7 16. b5 Ra3 17. Rfc1 Qd6 18. Nd2 Nxd2 19. Qxd2 Nb6 20. bxc6 Nc4 21. Qc2 bxc6 22. Rb7 Qg6 23.
Qxg6 hxg6 24. Kf1 Rea8 25. Ke2 g5 26. Kf3 R8a7 27. Rxa7 Rxa7 28. Kg4 f6 29. Rb1 Kf7 30. Rb4 Kg6 31. Kf3 Ra3 32. Nb1 Ra1 33.
Ke2 g4 34. Kd3 Ra2 35. e4 Rxf2 36. exd5 cxd5 37. Rb5 Rxg2 38. Rxd5 Nb2+ 39. Kc3 Rxh2 40. Nd2 Nd1+ 41. Kd3 Rxd2+ 42. Kxd2 g3 0-1

[Event "MČR v rapid šachu družstev 2019"]
[Site "Teplice, Czech Republic"]
[Date "2019.09.15"]
[Round "4.20"]
[White "Krejci, Jan"]
[Black "Ruzicka, Filip"]
[Result "1-0"]
[TimeControl "15 min. + 5s"]
[WhiteElo "2496"]
[BlackElo "1489"]

1. Nf3 Nf6 2. c4 g6 3. b3 Bg7 4. Bb2 O-O 5. g3 c6 6. Bg2 d5 7. O-O Nbd7 8. d4 e6 9. Nbd2 a6 10. a4 a5 11.
Rc1 Re8 12. Re1 Qe7 13. Qc2 h6 14. e3 Nh7 15. e4 dxc4 16. Nxc4 b5 17. Ne3 Bb7 18. d5 cxd5 19. Bxg7 Kxg7 20.
exd5 bxa4 21. dxe6 Qxe6 22. bxa4 Be4 23. Qd2 Red8 24. Nd4 Qe8 25. Nc6 Bxc6 26. Bxc6 Ra7 27. Qd4+ Ne5 28. Qxa7 Nxc6 29.
Qc7 Rc8 30. Qf4 Qd7 31. Red1 Qe8 32. Ng4 h5 33. Qh6+ Kg8 34. Qxh7+ 1-0

[Event "MČR v rapid šachu družstev 2019"]
[Site "Teplice, Czech Republic"]
[Date "2019.09.15"]
[Round "4.21"]
[White "Liska, Jiri"]
[Black "Sprenar, Petr"]
[Result "1/2-1/2"]
[TimeControl "15 min. + 5s"]
[WhiteElo "2213"]
[BlackElo "2089"]

1. e4 e6 2. d4 d5 3.
Nc3 Bb4 4. e5 c5 5. a3 Ba5 6.
b4 cxd4 7. Nb5 Bc7 8. f4 Bd7 9. Nxd4 Nc6 10. Ngf3 Nge7 11. Nb5 Bb8 12. Bd3 a6 13. Nbd4 Nxd4 14. Nxd4 Ba7 15. Be3 Bxd4 16.
Bxd4 O-O 17. Qe2 Nf5 18. Bc5 Re8 19. O-O Bc6 1/2-1/2

[Event "MČR v rapid šachu družstev 2019"]
[Site "Teplice, Czech Republic"]
[Date "2019.09.15"]
[Round "4.22"]
[White "Lorenc, Tomas"]
[Black "Vltavsky, Vladimir"]
[Result "1/2-1/2"]
[TimeControl "15 min. + 5s"]
[WhiteElo "2118"]
[BlackElo "2146"]

1. c4 Nf6 2. g3 c5 3. Bg2 Nc6 4. Nf3 e5 5. O-O g6 6. Nc3 Bg7 7. d3 O-O 8. a3 d6 9. Rb1 a5 10.
Ne1 Ne8 11. Nc2 f5 12. b4 axb4 13. axb4 h6 14. Nd5 Kh7 15. bxc5 dxc5 16. Be3 Nd4 17. Bxd4 exd4 18. Rb5 Ra5 19.
Qb1 Nd6 20. Rxa5 Qxa5 21. Qb6 Qxb6 22. Nxb6 Be6 23. Ra1 Rf7 24. Ra7 Bf6 25. Na4 Rc7 26. Na3 Bd7 27. Nb6 Nc8 28. Nxd7 Rxd7 29.
Rxb7 Rxb7 30. Bxb7 Nb6 31. Nb5 Kg7 32. Nc7 Kf7 33. h4 Ke7 34. Kg2 Kd7 35. Nd5 Nxd5 36. Bxd5 g5 37. hxg5 hxg5 38.
g4 f4 39. Kf3 Kd6 40. Ke4 Be7 41. Kf5 Bd8 42. Kg6 Be7 43. Kf7 Bd8 44. Ke8 Bf6 45. Kf7 1/2-1/2